 Dungeon Sprint DCSS version 0.31-a0-691-g409c26aa35 (webtiles) character file.

Game seed: 1603510363878034634

1042 Midn8 the Brawler (level 8, 0/42 HPs)
             Began as a Vine Stalker Monk on Sept 6, 2023.
             Was a Priest of Ru.
             Slain by a tentacle (21 damage)
             ... attached to a kraken
             ... in the Dungeon (Sprint II: "The Violet Keep of Menkaure").
             The game lasted 00:01:45 (178 turns).

Midn8 the Brawler (Vine Stalker Monk)                Turns: 178, Time: 00:01:46

Health: 0/42       AC:  2    Str: 17    XL:     8   Next: 25%
Magic:  0/8        EV: 12    Int: 10    God:    Ru [***...]
Gold:   243        SH:  0    Dex: 16    Spells: 7/7 levels left

rFire   . .          .
                       - Unarmed
rCold   . . .        (shield unavailable)
rNeg    . . .        a - +0 robe
rPois   .            (no helmet)
rElec   .            (no cloak)
rCorr   .            (no gloves)
SInv    .            (no boots)
Will    +....        (no amulet)
Stlth   +            (ring unavailable)
HPRegen 1.07/turn    (no ring)
MPRegen 0.11/turn

%: no teleportation, guardian spirit
@: very slow
A: fangs 3, regeneration 1, magic shield, antimagic bite, no potion heal 2,
missing a hand, low MP 1, noise suppression
a: Renounce Religion, Draw Out Power


You were in the Dungeon.
You worshipped Ru.
Ru was most pleased with you.
You visited 1 branch You collected 243 gold pieces.

Inventory:

Armour
 a - a +0 robe (worn)
 c - an orb of light
Scrolls
 h - a scroll of blinking
Potions
 b - a potion of ambrosia
 d - a potion of curing
 e - a potion of haste
 f - 2 potions of magic


   Skills:
 + Level 4.4 Fighting
 - Level 2.4 Dodging
 - Level 17.0 Unarmed Combat


You had 7 spell levels left.
You didn't know any spells.
Your spell library was empty.

Dungeon Overview and Level Annotations

Branches:
Dungeon (1/1)

Altars:
Cheibriados
Dithmenos
Elyvilon
Fedhas
Gozag
Hepliaklqana
Kikubaaqudgha
Makhleb
Nemelex Xobeh
Okawaru
Qazlal
Ru
Sif Muna
Trog
Uskayaw
Vehumet
Wu Jian
Xom
Yredelemnul
Zin
The Shining One
Jiyva
Lugonu

Annotations:
D exclusion: ice statue


Innate Abilities, Weirdness & Mutations

You have razor-sharp teeth.
Your natural rate of healing is unusually fast.
When hurt, damage is shared between your health and your magic reserves.
Your bite disrupts and absorbs the magic of your enemies.
Potions cannot restore your health.
You are missing a hand.
Your magical capacity is low. (-10% MP)
You passively dampen the noise of your surroundings.


Message History

There is a sacrificial altar of Ru here.
You kneel at the altar of Ru.
Ru welcomes you!
There is an ornate altar of the Wu Jian Council here.
There is a glowing golden altar of the Shining One here.
There is an open door here.
You enter the shallow water.
Moving in this stuff is going to be slow.
Found a robe, 16 gold pieces, a leather armour, a sling and 3 black potions.
Found fourteen items.
The water moccasin hisses angrily.
Found five items.
Found four items.
Ru believes you are ready to make a new sacrifice.
Ru asks you to sacrifice your resistance to extreme temperatures.
This is an incredible sacrifice.
Piety after sacrifice: **....
Do you really want to make this sacrifice?
Okay, then.
Ru asks you to sacrifice one of your hands.
This is an incredible sacrifice.
Piety after sacrifice: ***...
Do you really want to make this sacrifice?
One of your hands has vanished, leaving only a stump!
You can no longer hold your orb of light!
You now exude an aura of power that intimidates your foes.
Your aura of power can now strike those that harm you.
You can now heal your body and restore your magic.
Unknown command.
A kraken comes into view.
Tentacles burst out of the water!
A tentacle comes into view.
You open the door. The tentacle slaps you!!
Ouch! That really hurt!
The water moccasin bites you.
A water moccasin comes into view.
The walls and floor vibrate strangely for a moment.
The water moccasin hisses angrily.
A tentacle segment bursts forth from the water.
The tentacle slaps you!!
Ouch! That really hurt!
You die...

#^ ### +.### ☼▓!($)[???▓▓
..# ...# #▓$??)!?($▓▓
..## #..# #▓)$(?)!?$▓▓
#..# +..# #▓)[$![(?$▓▓
#..# #.^# #▓?!!?$?$!▓▓
'..####..####▓)(=$[)![▓▓
#....###...##▓▓▓▓▓▓▓+▓▓▓▓
#...§..~~~~~~~~~@w~~───Xw
§~..§..~#'########S###w≈w
§~~§~§.~#..._._._#S§§#
§~~~~~.~#_._._._.#~~§≈#
§§≈~~~~~#._._._._#§§S§§#
§§≈≈§~~§#_._._._.#§§§§§≈#
§§≈≈§≈≈~#._._._..#§~~~~≈+
≈≈≈###§≈#_._._...#§§~~≈~
#≈≈ #§§#._._....#


You could see a kraken, 2 tentacles and 3 water moccasins.

Vanquished Creatures
  A merfolk siren (D)
  4 neqoxecs (D)
  4 necrophages (D)
9 creatures vanquished.

Vanquished Creatures (others)
  A water moccasin (D)
1 creature vanquished.

Grand Total: 10 creatures vanquished

Notes
Turn   | Place    | Note
-------+----------+-------------------------------------------
     0 | D        | Midn8 the Vine Stalker Monk began the quest for the Orb.
     0 | D        | Reached XP level 1. HP: 11/11 MP: 2/2
     1 | D        | Noticed a neqoxec
     1 | D        | Noticed a neqoxec
     6 | D        | Gained mutation: Your magical capacity is low. (-10% MP) [a
                  | neqoxec]
    11 | D        | Killed a neqoxec
    12 | D        | Reached skill level 10 in Unarmed Combat
    12 | D        | Reached XP level 2. HP: 16/16 MP: 2/2
    12 | D        | Reached XP level 3. HP: 19/19 MP: 3/3
    12 | D        | Reached XP level 4. HP: 23/23 MP: 4/4
    12 | D        | Reached XP level 5. HP: 27/27 MP: 5/5
    17 | D        | Killed a neqoxec
    18 | D        | Reached skill level 12 in Unarmed Combat
    18 | D        | Reached XP level 6. HP: 19/32 MP: 4/6
    35 | D        | Noticed an ice statue
    36 | D        | Noticed a neqoxec
    37 | D        | Gained mutation: You passively dampen the noise of your
                  | surroundings. [a neqoxec]
    48 | D        | Killed a neqoxec
    49 | D        | Reached skill level 13 in Unarmed Combat
    60 | D        | Noticed a merfolk siren
    66 | D        | Killed a merfolk siren
    67 | D        | Reached skill level 15 in Unarmed Combat
    67 | D        | Reached XP level 7. HP: 10/35 MP: 2/7
   110 | D        | Noticed a boulder beetle
   110 | D        | Noticed a boulder beetle
   117 | D        | Reached skill level 16 in Unarmed Combat
   122 | D        | Gained mutation: You have razor-sharp teeth. [Vine Stalker
                  | growth]
   122 | D        | Reached XP level 8. HP: 25/39 MP: 4/8
   125 | D        | Reached skill level 17 in Unarmed Combat
   146 | D        | Found a glowing golden altar of the Shining One.
   146 | D        | Found an ornate altar of the Wu Jian Council.
   146 | D        | Found a stormy altar of Qazlal.
   147 | D        | Found a shimmering altar of Xom.
   147 | D        | Found a sacrificial altar of Ru.
   147 | D        | Found a hazy altar of Hepliaklqana.
   148 | D        | Found a basalt altar of Yredelemnul.
   148 | D        | Found a shimmering blue altar of Sif Muna.
   148 | D        | Found a viscous altar of Jiyva.
   149 | D        | Found a glowing silver altar of Zin.
   149 | D        | Found a bloodstained altar of Trog.
   149 | D        | Found an ancient bone altar of Kikubaaqudgha.
   150 | D        | Found a hide-covered altar of Uskayaw.
   150 | D        | Found a corrupted altar of Lugonu.
   150 | D        | Found a shadowy altar of Dithmenos.
   151 | D        | Found a radiant altar of Vehumet.
   151 | D        | Found a burning altar of Makhleb.
   151 | D        | Found a white marble altar of Elyvilon.
   152 | D        | Found a sparkling altar of Nemelex Xobeh.
   152 | D        | Found a blossoming altar of Fedhas.
   153 | D        | Found an iron altar of Okawaru.
   153 | D        | Found an opulent altar of Gozag.
   154 | D        | Found a snail-covered altar of Cheibriados.
   162 | D        | Became a worshipper of Ru the Awakened
   174 | D        | Gained mutation: You are missing a hand. [Ru sacrifice]
   174 | D        | Reached * piety under Ru
   174 | D        | Reached ** piety under Ru
   174 | D        | Reached *** piety under Ru
   176 | D        | Noticed a kraken
   178 | D        | Slain by a tentacle

Illustrated notes

Levels and vault maps discovered:
D:        the_violet_keep_of_menkaure [sprint2_stairs_cluster_1,
          sprint2_shoproom, sprint2_temple, sprint2_basic_supplies,
          sprint2_obstacle_2, sprint2_obstacle_3, sprint2_obstacle_7,
          sprint2_obstacle_1, sprint2_obstacle_6, sprint2_timed_cluster_1,
          sprint2_smallroom_cluster_1, sprint2_smallroom_final_cluster_1,
          sprint2_transparent_cluster_1, sprint2_second_timed_cluster_1,
          sprint2_sniper_area_1, sprint2_heavy_combat_area_1,
          sprint2_mutation_trap_area_1, sprint2_forest_area_1,
          sprint2_light_combat_area_1, sprint2_behind_water_1,
          sprint2_near_end_vault_1]

Skill      XL: |  1  2  3  4  5  6  7  8 |
---------------+-------------------------+-----
Unarmed Combat | 10 12 15 16 17 | 17.0
Fighting       | 4 |  4.4
Dodging        | |  2.4

Action                     |  1- 3 |  4- 6 |  7- 9 || total
---------------------------+-------+-------+-------++-------
  Melee: Unarmed           |     7 |    13 |    11 ||    31
         Bite              |     1 |     3 |     4 ||     8
 Invoke: Sacrifice a Hand  |       |       |     1 ||     1
    Use: Potion            |     1 |       |       ||     1
 Armour: Robe              |     2 |     6 |     7 ||    15
  Dodge: Dodged            |     1 |       |     6 ||     7

Table legend: (Time is in decaauts)
 A = Elapsed time spent in this place.
 B = Non-inter-level travel time spent in this place.
 C = Inter-level travel time spent in this place.
 D = Time resting spent in this place.
 E = Time spent auto-exploring this place.
 F = Levels seen in this place.
 G = Mean time per level.
                   A        B        C        D        E       F      G
               +--------+--------+--------+--------+--------+-----+--------+
         Total |    184 |    184 |      0 |     79 |      0 |   1 |  184.0 |
       Dungeon |    184 |    184 |      0 |     79 |      0 |   1 |  184.0 |
               +--------+--------+--------+--------+--------+-----+--------+

Top non-repeatable levels by time:
       D: 184 daAuts
